 Dungeon Crawl Stone Soup version 0.23.1-37-gaa34b87 (webtiles) character file.

Game seed: 9207210102469169095

2508 gohu the Arsonist (level 9, 0/45 HPs)
             Began as a Deep Elf Fire Elementalist on Mar 26, 2019.
             Was a Believer of Vehumet.
             Slain by a bullfrog (3 damage)
             ... on level 6 of the Dungeon.
             The game lasted 00:26:02 (7082 turns).

gohu the Arsonist (Deep Elf Fire Elementalist)      Turns: 7082, Time: 00:26:03

Health: 0/45       AC:  6    Str:  5    XL:     9   Next: 28%
Magic:  11/24      EV: 13    Int: 24    God:    Vehumet [**....]
Gold:   326        SH:  0    Dex: 15    Spells: 16/27 levels left

rFire    . . .     SeeInvis .   b - +2 dagger (venom)
rCold    . . .     Gourm    .   (no shield)
rNeg     . . .     Faith    +   a - +0 robe
rPois    .         Spirit   .   (no helmet)
rElec    .         Reflect  .   w - +2 cloak
rCorr    .         Harm     .   (no gloves)
MR       .....                  v - +0 pair of boots
Stlth    ++........             t - amulet of faith
HPRegen  0.15/turn              (no ring)
MPRegen  0.19/turn              (no ring)

@: studying Axes
A: no striking features
a: Renounce Religion


You were on level 6 of the Dungeon.
You worshipped Vehumet.
Vehumet was pleased with you.
You were not hungry.

You visited 1 branch of the dungeon, and saw 7 of its levels.

You collected 326 gold pieces.

Inventory:

Hand Weapons
 b - a +2 dagger of venom (weapon)
Armour
 a - a +0 robe (worn)
 v - a +0 pair of boots (worn)
 w - a +2 cloak (worn)
Jewellery
 g - an uncursed ring of ice
 h - an uncursed amulet of regeneration
 t - an amulet of faith (around neck)
Wands
 u - a wand of polymorph (9)
Scrolls
 d - a scroll of fog
 f - 7 scrolls of identify
 i - 2 scrolls of remove curse
 m - a scroll of noise {unknown}
 p - a scroll of immolation {unknown}
 q - a scroll of teleportation
 y - 3 scrolls of amnesia {unknown}
Potions
 e - 2 potions of curing
 j - 2 potions of haste {unknown}
 k - 2 potions of magic {unknown}
 l - 2 potions of resistance {unknown}
 n - 2 potions of might
 o - a potion of brilliance {unknown}
 r - a potion of invisibility {unknown}
 s - a potion of flight {unknown}
 z - a potion of cancellation {unknown}
 B - a potion of mutation {unknown}
Books
 x - a manual of Axes
Comestibles
 c - 14 rations


   Skills:
 - Level 2.4 Dodging
 - Level 2.4 Stealth
 + Level 9.7 Spellcasting
 + Level 6.4 Conjurations
 + Level 9.9 Fire Magic


You had 16 spell levels left.
You knew the following spells:

 Your Spells              Type           Power        Failure   Level  Hunger
a - Flame Tongue          Conj/Fire      #####        1%          1    None
b - Throw Flame           Conj/Fire      ######       1%          2    None
c - Fireball              Conj/Fire      ######....   5%          5    ####...
d - Conjure Flame         Conj/Fire      ######..     1%          3    None

Your spell library contained the following spells:

 Spells                   Type           Power        Failure   Level  Hunger
 Searing Ray              Conj           #####.       1%          2    None
 Inner Flame              Hex/Fire       #####...     1%          3    None
 Sticky Flame             Conj/Fire      ######..     1%          4    #......


Dungeon Overview and Level Annotations

Branches:
Dungeon (7/15)
 Temple: D:4-7

Altars:
Dithmenos
Gozag
Uskayaw
Vehumet

Shops:
D:6 (

Annotations:
D:7 1 runed translucent door, Crazy Yiuf


Message History

The bullfrog is severely wounded.
The bullfrog barely misses you. The bullfrog misses you.
Casting: Flame Tongue (safe; 1% risk of failure)
Confirm with . or Enter, or press ? or * to list all spells.
Aiming: Flame Tongue (safe; 1% risk of failure)
Press: ? - help, Shift-Dir - straight line, f/p - bullfrog
Aim: a bullfrog (severely wounded)
The flame tongue hits the bullfrog.
The bullfrog is almost dead.
The bullfrog hits you!
* * * LOW HITPOINT WARNING * * *
Casting: Flame Tongue (safe; 1% risk of failure)
Confirm with . or Enter, or press ? or * to list all spells.
Aiming: Flame Tongue (safe; 1% risk of failure)
Press: ? - help, Shift-Dir - straight line, f/p - bullfrog
Aim: a bullfrog (almost dead)
The flame tongue misses the bullfrog.
The bullfrog hits you.
* * * LOW HITPOINT WARNING * * *
The bullfrog hits you.
You die...

####............#
### #...#..
#............#
#.###......
##............#
##.....#...
#.......<.....#
###......†
##...##.....>.##
#..#....
#...#####.....##
### #....... #...#
#####.h# #.####
######.. ##...#
##F###....### #..
#....##
##@#.......######(.
#.....#
#...........##....
......#
##................
......#
##...............
......#
#...............
......#
##.............#
#.....#
##............#
#....## ####
##.........###
######
##..######....#..##


You could see a bullfrog and a jackal.

Vanquished Creatures
  A troll (D:5)
  A sky beast (D:6)
  A phantom (D:5)
  3 ice beasts
  A necrophage (D:6)
  2 ogres
  2 centaurs
  2 bullfrogs (D:6)
  A scorpion (D:2)
  3 killer bees
  A howler monkey (D:4)
  A centaur zombie (D:5)
  2 crimson imps
  2 hounds
  A gnoll shaman (D:5)
  3 bullfrog skeletons
  A centaur skeleton (D:5)
  3 orc priests
  5 orc wizards
  An iguana (D:4)
  Terence (D:3)
  7 worker ants
  A worker ant zombie (D:5)
  11 gnolls
  9 adders
  An ooze (D:4)
  An adder zombie (D:6)
  An adder skeleton (D:5)
  4 worms
  A dart slug (D:5)
  6 leopard geckos
  22 orcs
  2 ball pythons
  4 giant cockroaches
  6 goblins
  6 hobgoblins
  14 jackals
  8 kobolds
  2 quokkas
  14 bats
  5 frilled lizards
  2 leopard gecko skeletons (D:6)
  16 rats
181 creatures vanquished.

Notes
Turn   | Place    | Note
-------+----------+-------------------------------------------
     0 | D:1      | gohu the Deep Elf Fire Elementalist began the quest for the
                  | Orb.
     0 | D:1      | Reached XP level 1. HP: 10/10 MP: 6/6
   154 | D:1      | Reached XP level 2. HP: 15/15 MP: 0/8
   686 | D:1      | Reached XP level 3. HP: 19/19 MP: 1/10
  1070 | D:2      | Noticed a scorpion
  1078 | D:2      | Killed a scorpion
  1078 | D:2      | Reached skill level 5 in Fire Magic
  1078 | D:2      | Reached XP level 4. HP: 24/24 MP: 8/12
  1758 | D:3      | Reached XP level 5. HP: 28/28 MP: 12/14
  1774 | D:3      | Noticed Terence
  1817 | D:3      | Killed Terence
  2061 | D:3      | Reached skill level 5 in Spellcasting
  2393 | D:3      | Learned a level 2 spell: Throw Flame
  2503 | D:3      | Reached XP level 6. HP: 32/32 MP: 10/16
  3120 | D:4      | Reached XP level 7. HP: 32/36 MP: 3/18
  4128 | D:5      | Entered Level 5 of the Dungeon
  4128 | D:5      | Noticed a troll
  4135 | D:5      | Killed a troll
  4222 | D:5      | Reached XP level 8. HP: 41/41 MP: 9/21
  4367 | D:5      | Found a radiant altar of Vehumet.
  4371 | D:5      | Became a worshipper of Vehumet
  4374 | D:5      | Found an opulent altar of Gozag.
  4374 | D:5      | Found a hide-covered altar of Uskayaw.
  4376 | D:5      | Found a shadowy altar of Dithmenos.
  5121 | D:5      | Learned a level 5 spell: Fireball
  5251 | D:6      | Reached skill level 5 in Conjurations
  5559 | D:6      | Found Niaruc's Weapon Emporium.
  5737 | D:6      | Reached * piety under Vehumet
  5737 | D:6      | Offered knowledge of Freeze by Vehumet.
  5921 | D:6      | Found a radiant altar of Vehumet.
  5959 | D:6      | Reached XP level 9. HP: 45/45 MP: 9/24
  6688 | D:6      | Learned a level 3 spell: Conjure Flame
  7040 | D:7      | Found a runed translucent door.
  7041 | D:7      | Noticed Crazy Yiuf
  7056 | D:7      | Reached ** piety under Vehumet
  7056 | D:7      | Offered knowledge of Searing Ray by Vehumet.
  7082 | D:6      | Slain by a bullfrog

Skill      XL: |  1  2  3  4  5  6  7  8  9 |
---------------+----------------------------+-----
Fire Magic     | 4 5 6 7 8 9 |  9.9
Spellcasting   | 4 5 6 7 9 |  9.7
Conjurations   | 3 5 6 |  6.4
Dodging        | |  2.4
Stealth        | |  2.4

Action                   |  1- 3 |  4- 6 |  7- 9 || total
-------------------------+-------+-------+-------++-------
Melee: Dagger            |    17 |    14 |    11 ||    42
 Cast: Flame Tongue      |    54 |    96 |   192 ||   342
       Throw Flame       |       |    21 |    67 ||    88
       Fireball          |       |       |     2 ||     2
  Use: Scroll            |       |     6 |       ||     6
       Potion            |       |       |     1 ||     1
 Stab: Sleeping          |     1 |     1 |       ||     2
  Eat: Chunk             |       |     7 |    12 ||    19
Armor: Robe              |    10 |    10 |    27 ||    47
Dodge: Dodged            |    19 |    32 |    72 ||   123
